 Dungeon Crawl Stone Soup version 0.32-a0-933-ga8fa3634e4 (webtiles) character file.

Game seed: 4917363303327778978

825 LadyBoffin the Gusty (level 7, -1/61 HPs)
             Began as a Tengu Air Elementalist on Apr 14, 2024.
             Was a Follower of Nemelex Xobeh.
             Incinerated by a bombardier beetle (3 damage)
             ... with a burning spray
             ... on level 5 of the Dungeon.
             The game lasted 00:27:34 (4182 turns).

LadyBoffin the Gusty (Tengu Air Elementalist)       Turns: 4182, Time: 00:27:34

Health: -1/61      AC:  6    Str:  8    XL:     7   Next: 96%
Magic:  6/13       EV: 30    Int: 17    God:    Nemelex Xobeh [*.....]
Gold:   245        SH:  0    Dex: 15    Spells: 11/13 levels left

rFire   . . .        e - +0 short sword (vamp)
rCold   . . .        (no shield)
rNeg    . . .        h - +3 leather armour "Leffoan" {Slay+3}
rPois   .            (helmet restricted)
rElec   .            (no cloak)
rCorr   .            (no gloves)
SInv    .            (boots unavailable)
Will    +....        (no amulet) Stlth
                     s - ring of willpower
HPRegen 0.30/turn    (no ring)
MPRegen 0.13/turn

%: acrobat
@: berserking, on fire, acrobatic, flying, glowing, very quick
A: beak, talons 3, evasive flight, acrobatic
a: Renounce Religion, Draw Escape, Draw Destruction, Draw Summoning


You were on level 5 of the Dungeon.
You worshipped Nemelex Xobeh.
Nemelex Xobeh was aware of your devotion.
You visited 1 branch of the dungeon, and saw 5 of its levels.

You collected 245 gold pieces.

Inventory:

Hand Weapons
 e - a +0 vampiric short sword (weapon)
 f - a +0 hand axe
 i - a +1 dagger of electrocution
 r - a +0 spear
Armour
 a - a +1 robe
 h - the +3 leather armour "Leffoan" (worn) {Slay+3}
   (You found it on level 3 of the Dungeon)

   Slay+3:    It affects your accuracy & damage with ranged weapons and melee
   (+3).
Jewellery
 s - a ring of willpower (left hand)
 z - a ring of ice
Wands
 l - a wand of iceblast (10)
Scrolls
 g - a scroll of amnesia {unknown}
 j - a scroll of teleportation {unknown}
 k - a scroll of immolation
 n - a scroll of enchant armour
 p - a scroll of noise {unknown}
 q - a scroll of blinking {unknown}
 t - a scroll of vulnerability {unknown}
 v - a scroll of poison
 w - a scroll of enchant weapon {unknown}
 y - a scroll of fog {unknown}
Potions
 b - 4 potions of magic
 c - 2 potions of resistance (quivered) {unknown}
 d - 4 potions of attraction
 m - a potion of ambrosia {unknown}
 o - 2 potions of lignification
 u - a potion of curing {unknown}
 x - 2 potions of berserk rage


   Skills:
 + Level 3.4 Fighting
 - Level 2.0 Short Blades
 - Level 0.2 Axes
 - Level 1.6 Armour
 + Level 3.2 Dodging
 + Level 3.8 Stealth
 + Level 3.9 Spellcasting
 + Level 4.5 Conjurations
 + Level 2.3 Fire Magic
 - Level 5.0 Air Magic


You had 11 spell levels left.
You knew the following spells:

 Your Spells              Type           Power      Damage    Failure   Level
a - Shock                 Conj/Air       76%        1d7       3%          1
b - Foxfire               Conj/Fire      60%        2x1d7     5%          1

Your spell library contained the following spells:

 Spells                   Type           Power      Damage    Failure   Level
 Static Discharge         Conj/Air       38%        3-5/arc   4%          2
 Swiftness                Air            20%        N/A       9%          3
 Necrotise                Necr           12%        1d4       22%         1
 Airstrike                Air            10%        2d(2-18)  28%         4
 Volatile Blastmotes      Fire/Tloc      14%        2d11      38%         3
 Vampiric Draining        Necr           3%         2d6       56%         3
 Fulminant Prism          Conj/Alch      5%         3d7       65%         4
 Iskenderun's Mystic Bla Conj/Tloc 11%            2d4        (+2d2     65%         4
 Martyr's Knell           Necr/Summ      3%         N/A       92%         4
 Curse of Agony           Necr           3%         N/A       99%         5
 Summon Forest            Summ/Tloc      1%         N/A       99%         5
 Summon Mana Viper        Hex/Summ       3%         N/A       99%         5
 Plasma Beam              Fire/Air       7%         2x1d18    100%        6
 Starburst                Conj/Fire      7%         6d4       100%        6
 Summon Cactus Giant      Summ           1%         N/A       100%        6


Dungeon Overview and Level Annotations

Branches:
Dungeon (5/15)
 Temple: D:4-7

Altars:
Ashenzari
Dithmenos
Gozag
Nemelex Xobeh
Okawaru


Innate Abilities, Weirdness & Mutations

You have a beak for a mouth.
You have claws for feet.
Your magical flight helps you evade attacks. (EV +4)
You can magically evade attacks while moving or waiting.


Message History

Aiming: Shock (safe; 3% risk of failure)
Press: ? - help, Shift-Dir - straight line, f/p - bombardier beetle
Aim: a bombardier beetle (almost dead, 83% to hit)
The zap hits the bombardier beetle but does no damage.
The bombardier beetle is almost dead.
The liquid fire burns you!
Unknown command.
Casting: Shock (safe; 3% risk of failure)
Confirm with . or Enter, or press ? or * to list all spells.
Aiming: Shock (safe; 3% risk of failure)
Press: ? - help, Shift-Dir - straight line, f/p - bombardier beetle
Aim: a bombardier beetle (almost dead, 83% to hit)
The zap hits the bombardier beetle.
You kill the bombardier beetle!
The liquid fire burns you!
Your magical contamination has completely faded away.
You are on fire!
You are on fire!
You are on fire!
The liquid fire burns you! The liquid fire burns you!
The liquid fire burns you! The liquid fire burns you!
* * * LOW HITPOINT WARNING * * *
The liquid fire burns you!
* * * LOW HITPOINT WARNING * * *
It was a potion of berserk rage.
A red film seems to cover your vision as you go berserk!
You feel yourself moving faster!
You feel mighty! The liquid fire burns you!
* * * LOW HITPOINT WARNING * * *
Unknown command.
Unknown command.
You feel a strong urge to attack something.
The liquid fire burns you!
* * * LOW HITPOINT WARNING * * *
You shake off some of the fire as you move.
The liquid fire burns you!
You die...
Your body disappears without additional glow.

.# #....#...##...
#....#...#
#....#'###
#........#
###+##'##+###
#.....#.....#####..
#.....#.....#......
+##+##'##'##'.....$
#.....#@.#
#+###†#..#
#.....#..#
+.._..+..+
#.....#..#
#+###+#..# #..#
+##+


There were no monsters in sight!

Vanquished Creatures
  Sigmund (D:4)
  An ice beast (D:5)
  A black bear (D:5)
  A centaur (D:5)
  A phantom (D:5)
  A bombardier beetle (D:5)
  A hound (D:5)
  2 iguanas (D:5)
  Natasha (twice) (D:3)
  3 orc wizards (D:5)
  4 adders
  2 dart slugs
  2 orcs
  4 ball pythons
  7 endoplasms
  2 giant cockroaches
  7 hobgoblins
  7 jackals
  A quokka (D:3)
  5 bats
  2 frilled lizards
  7 goblins
  6 kobolds
  6 rats
76 creatures vanquished.

Vanquished Creatures (others)
  36 foxfires
36 creatures vanquished.

Grand Total: 112 creatures vanquished

Notes
Turn   | Place    | Note
-------+----------+-------------------------------------------
     0 | D:1      | LadyBoffin the Tengu Air Elementalist began the quest for
                  | the Orb.
     0 | D:1      | Reached XP level 1. HP: 10/10 MP: 4/4
   118 | D:1      | Reached XP level 2. HP: 15/15 MP: 1/6
   572 | D:1      | Reached XP level 3. HP: 19/19 MP: 4/7
  1058 | D:2      | Found a broken altar of Ashenzari.
  1376 | D:2      | Reached skill level 1 in Fighting
  1376 | D:2      | Reached XP level 4. HP: 25/25 MP: 5/8
  2308 | D:3      | Noticed Natasha
  2316 | D:3      | Killed Natasha
  2317 | D:3      | Reached skill level 5 in Air Magic
  2449 | D:3      | Learned a level 1 spell: Foxfire
  2517 | D:3      | Noticed Natasha
  2523 | D:3      | Killed Natasha
  2524 | D:3      | Reached skill level 1 in Short Blades
  2524 | D:3      | Reached XP level 5. HP: 20/29 MP: 6/10
  2584 | D:3      | Identified the +3 leather armour "Leffoan" {Slay+3}
  2695 | D:4      | Found an opulent altar of Gozag.
  2696 | D:4      | Found a sparkling altar of Nemelex Xobeh.
  2710 | D:4      | Became a worshipper of Nemelex Xobeh the Trickster
  2921 | D:4      | Noticed Sigmund
  2938 | D:4      | Killed Sigmund
  2939 | D:4      | Reached skill level 1 in Fire Magic
  2939 | D:4      | Reached XP level 6. HP: 27/35 MP: 4/12
  3215 | D:4      | Found a shadowy altar of Dithmenos.
  3499 | D:5      | Entered Level 5 of the Dungeon
  3499 | D:5      | Reached * piety under Nemelex Xobeh
  3499 | D:5      | Received a gift from Nemelex Xobeh
  3590 | D:5      | Reached skill level 1 in Armour
  3590 | D:5      | Gained mutation: Your magical flight helps you evade
                  | attacks. (EV +4) [Tengu growth]
  3590 | D:5      | Reached XP level 7. HP: 33/40 MP: 9/13
  3968 | D:5      | Found a broken altar of Ashenzari.
  4118 | D:5      | Found an iron altar of Okawaru.
  4181 | D:5      | HP: 1/61 [burnt (4)]
  4182 | D:5      | Incinerated by a bombardier beetle

Illustrated notes

Levels and vault maps discovered:
D:1:      grunt_arrival_crossed_arrows, layout_rooms, roderic_roman_lattice,
          kennysheep_another_room
D:2:      layout_basic, basic_altar, small_statue_intersection
D:3:      layout_basic, uniq_natasha
D:4:      layout_gridville, grunt_temple_overflow_opulence, old_standard_altar,
          uniq_sigmund
D:5:      layout_gridville, mainiacjoe_overflow_24_doors,
          evilmike_ruin_ashenzari, minmay_a_box_with_orc_wizards_in_it

Skill      XL: |  1  2  3  4  5  6  7 |
---------------+----------------------+-----
Conjurations   | 2 3 4 |  4.5
Fighting       | 1 2 3 |  3.4
Air Magic      | 5 |  5.0
Spellcasting   | 3 |  3.9
Short Blades   | 1 2 |  2.0
Fire Magic     | 1 2 |  2.3
Armour         | 1 |  1.6
Stealth        | 3 |  3.8
Dodging        | 3 |  3.2
Axes           | |  0.2

Action                     |  1- 3 |  4- 6 |  7- 9 || total
---------------------------+-------+-------+-------++-------
  Melee: Unarmed           |     8 |       |       ||     8
         Kick              |     4 |     6 |    12 ||    22
         Hand axe          |     9 |       |       ||     9
         Dagger            |     5 |     6 |       ||    11
         Peck              |     2 |     5 |     3 ||    10
         Short sword       |       |    24 |    23 ||    47
   Cast: Shock             |    55 |    59 |    20 ||   134
         Foxfire           |       |    10 |    14 ||    24
    Use: Scroll            |       |     6 |     1 ||     7
         Potion            |       |       |     1 ||     1
   Stab: Sleeping          |     1 |       |       ||     1
 Armour: Robe              |    14 |     7 |       ||    21
         Leather armour    |       |    17 |    10 ||    27
  Dodge: Dodged            |    19 |    19 |    21 ||    59

Table legend: (Time is in decaauts)
 A = Elapsed time spent in this place.
 B = Non-inter-level travel time spent in this place.
 C = Inter-level travel time spent in this place.
 D = Time resting spent in this place.
 E = Time spent auto-exploring this place.
 F = Levels seen in this place.
 G = Mean time per level.
                   A        B        C        D        E       F      G
               +--------+--------+--------+--------+--------+-----+--------+
         Total |   4177 |   3975 |    202 |    439 |   2716 |   5 |  835.4 |
       Dungeon |   4177 |   3975 |    202 |    439 |   2716 |   5 |  835.4 |
               +--------+--------+--------+--------+--------+-----+--------+

Top non-repeatable levels by time:
     D:1: 1032 daAuts
     D:2: 945 daAuts
     D:4: 809 daAuts
     D:3: 711 daAuts
     D:5: 678 daAuts
